 Dungeon Crawl Stone Soup version 0.23.0-3-gf3c87f2 (webtiles) character file.

Game seed: 3304343750369193896

203 redwoodhats the Sneak (level 5, -1/42 HPs)
             Began as a Centaur Assassin on Feb 21, 2019.
             Splashed by a jelly's acid (9 damage)
             ... on level 3 of the Dungeon on Feb 22, 2019.
             The game lasted 00:17:25 (3563 turns).

redwoodhats the Sneak (Centaur Assassin)            Turns: 3563, Time: 00:17:27

Health: -1/42      AC:  7    Str: 13      XL:     5   Next: 51%
Magic:  5/5        EV: 10    Int:  9 (10) God:
Gold:   139        SH:  0    Dex: 12      Spells: 4/4 levels left

rFire    . . .     SeeInvis .   a - +3 dagger
rCold    . . .     Gourm    .   (no shield)
rNeg     . . .     Faith    .   c - +0 robe
rPois    .         Spirit   .   g - +1 helmet
rElec    .         Reflect  .   d - +0 cloak
rCorr    .         Harm     .   (no gloves)
MR       .....                  (no barding)
Stlth    ++........             (no amulet)
HPRegen  0.14/turn              (no ring)
MPRegen  0.09/turn              (no ring)

@: very quick
A: large, hooves 3, deformed body, speed 2, tough skin 3
a: no special abilities


You were on level 3 of the Dungeon.
You were not hungry.

You visited 1 branch of the dungeon, and saw 3 of its levels.

You collected 139 gold pieces.

Inventory:

Hand Weapons
 a - a +3 dagger (weapon)
 b - a +0 blowgun
Missiles
 e - 22 poisoned needles
 f - 2 curare-tipped needles
 j - 8 javelins (quivered)
Armour
 c - a +0 robe (worn)
 d - a +0 cloak (worn)
 g - a +1 helmet (worn)
Scrolls
 h - 2 scrolls of remove curse
 m - 3 scrolls of identify
Potions
 k - 2 potions of heal wounds
 l - 2 potions of flight {unknown}
 n - a potion of berserk rage {unknown}
 o - a potion of curing
Comestibles
 i - a ration


   Skills:
 + Level 2.7 Fighting
 + Level 2.8 Short Blades
 + Level 3.1 Throwing
 + Level 1.7 Dodging
 + Level 3.3 Stealth


You had 4 spell levels left.
You didn't know any spells.
Your spell library was empty.

Dungeon Overview and Level Annotations

Branches:
Dungeon (3/15)

Altars:


Innate Abilities, Weirdness & Mutations

You have hooves in place of feet.
Armour fits poorly on your strangely shaped body.
You cover ground very quickly.
You have extremely tough skin. (AC +3)


Message History

You completely miss the ooze. You hit the ooze. You kick the ooze.
The ooze is moderately wounded.
The ooze closely misses you.
You barely miss the ooze. You kick the ooze.
The ooze is heavily wounded.
The ooze hits you.
You hit the ooze. You kick the ooze.
You kill the ooze!
You hit the jelly.
Your hands burn!
The jelly is moderately wounded.
The jelly closely misses you.
You hit the jelly.
Your hands burn!
* * * LOW HITPOINT WARNING * * *
You kick the jelly.
The jelly is severely wounded.
The jelly hits you.
* * * LOW HITPOINT WARNING * * *
You are splashed with acid!
You die...

#.# #######)..# ##... ####.##
#.......### #.... #.....#
######### #.... #..####
####### #)###
##.############......# #.#
#).###......##'J.....#####)###
#..##.......#.#..÷.J.##.......
#..'........#J#JJ..PP#####.###
#..'........#@#J.J..÷# #.#
##.').....#'#.#JJ..J.# #.#
#.##.....#.#.#J.(...# #.#
#####....#.#.#.P..JP# #.#
#######.##..÷..!# #.# #######
####.# #..######## ####....#
#......<#.# #>..###.#
#..†......# #..## #.#


You could see a jelly.

Vanquished Creatures
  A jelly (D:3)
  Robin (D:3)
  5 adders
  8 oozes (D:3)
  2 worms
  A dart slug (D:2)
  A leopard gecko (D:3)
  2 orcs (D:3)
  3 ball pythons
  3 giant cockroaches
  6 hobgoblins
  3 jackals (D:3)
  A quokka (D:2)
  5 bats
  5 frilled lizards
  12 goblins
  16 kobolds
  2 rats
77 creatures vanquished.

Vanquished Creatures (others)
  A fungus (D:3)
  13 toadstools (D:3)
14 creatures vanquished.

Grand Total: 91 creatures vanquished

Notes
Turn   | Place    | Note
-------+----------+-------------------------------------------
     0 | D:1      | redwoodhats the Centaur Assassin began the quest for the
                  | Orb.
     0 | D:1      | Reached XP level 1. HP: 17/17 MP: 1/1
   329 | D:1      | Reached XP level 2. HP: 24/24 MP: 2/2
  1176 | D:2      | Reached XP level 3. HP: 11/29 MP: 3/3
  1473 | D:2      | Reached skill level 1 in Dodging
  2575 | D:3      | Noticed Robin
  2576 | D:3      | Reached XP level 4. HP: 37/37 MP: 4/4
  2615 | D:3      | Killed Robin
  3512 | D:3      | Reached XP level 5. HP: 42/42 MP: 5/5
  3563 | D:3      | Splashed by a jelly's acid

Skill      XL: |  1  2  3  4  5 |
---------------+----------------+-----
Dodging        | 1 |  1.7
Short Blades   | 2 |  2.8
Stealth        | 3 |  3.3
Throwing       | 3 |  3.1
Fighting       | |  2.7

Action                   |  1- 3 |  4- 6 || total
-------------------------+-------+-------++-------
Melee: Dagger            |    93 |   132 ||   225
       Kick              |    13 |    34 ||    47
 Fire: Blowgun           |     6 |     1 ||     7
Throw: Javelin           |     9 |    12 ||    21
  Use: Potion            |     7 |       ||     7
       Scroll            |     6 |       ||     6
 Stab: Sleeping          |     4 |     2 ||     6
  Eat: Ration            |     1 |     1 ||     2
Armor: Robe              |    34 |    40 ||    74
Dodge: Dodged            |    42 |    56 ||    98
